 Dungeon Crawl Stone Soup version 0.31.0-9-g3a7656b989 (webtiles) character file.

Game seed: 458166106878924540

137 qw the Skirmisher (level 5, -1/29 HPs)
             Began as a Deep Elf Hunter on Feb 2, 2024.
             Slain by an ice beast (10 damage)
             ... on level 4 of the Dungeon.
             The game lasted 00:00:07 (1592 turns).

qw the Skirmisher (Deep Elf Hunter)                 Turns: 1592, Time: 00:00:08

Health: -1/29      AC:  6    Str: 10    XL:     5   Next: 0%
Magic:  7/7        EV: 11    Int: 14    God:
Gold:   24         SH:  0    Dex: 18    Spells: 4/4 levels left

rFire   . . .        a - +0 shortbow (freeze)
rCold   . . .        (shield currently unavailable)
rNeg    . . .        h - +0 ring mail
rPois   .            (no helmet)
rElec   .            (no cloak)
rCorr   .            (no gloves)
SInv    .            g - +0 pair of boots
Will    .....        (no amulet)
Stlth   +            (no ring)
HPRegen 0.24/turn    (no ring)
MPRegen 0.10/turn

%: no passive effects
@: no status effects
A: no striking features
a: no special abilities


You were on level 4 of the Dungeon.
You visited 1 branch of the dungeon, and saw 4 of its levels.

You collected 24 gold pieces.


   Skills:
 - Level 1.5 Fighting
 + Level 8.4 Ranged Weapons
 - Level 2.4 Dodging
 - Level 1.2 Stealth


You had 4 spell levels left.
You didn't know any spells.
Your spell library was empty.

Inventory:

Hand Weapons
 a - a +0 shortbow of freezing (weapon)
Armour
 d - a +0 pair of gloves
 f - a +2 pair of boots
 g - a +0 pair of boots (worn)
 h - a +0 ring mail (worn)
Jewellery
 b - a ring of magical power
Scrolls
 c - a scroll of enchant weapon {unknown}
Potions
 e - 3 potions of curing

Dungeon Overview and Level Annotations

Branches:
Dungeon (4/15)
 Temple: D:4-7

Altars:
Ashenzari
Makhleb
Trog
Wu Jian
Xom


Message History

You kill the hound!
An endoplasm comes into view.
Found a falchion.
You shoot an arrow.
The arrow hits the endoplasm but does no damage.
The endoplasm quivers.
You shoot an arrow. The arrow barely misses the endoplasm.
You shoot an arrow. The arrow hits the endoplasm.
The arrow freezes the endoplasm.
You kill the endoplasm!
You have reached level 5!
Found a book of Frost.
An ice beast comes into view.
You shoot an arrow. The arrow hits the ice beast!
The ice beast is moderately wounded.
You shoot an arrow. The arrow closely misses the ice beast.
You shoot an arrow.
The arrow hits the ice beast but does no damage.
The ice beast is moderately wounded.
You shoot an arrow. The arrow closely misses the ice beast.
The ice beast closely misses you.
You shoot an arrow. The arrow barely misses the ice beast.
The ice beast barely misses you.
You shoot an arrow. The arrow barely misses the ice beast.
The ice beast misses you.
You shoot an arrow. The arrow hits the ice beast!
The ice beast is heavily wounded.
The ice beast closely misses you.
You shoot an arrow. The arrow barely misses the ice beast.
The ice beast misses you.
You shoot an arrow. The arrow hits the ice beast.
The ice beast is severely wounded.
The ice beast hits you. The ice beast freezes you.
You shoot an arrow.
The arrow hits the ice beast but does no damage.
The ice beast is severely wounded.
The ice beast hits you. The ice beast freezes you!
You shoot an arrow. The arrow closely misses the ice beast.
The ice beast hits you. The ice beast freezes you!
You die...

#.....#.#........
##..............
#.......####.#####
#.....#..........#
#.....#.####.###.#..
#.>........#........
#...................
#.....)###.##.......
#.......:@..........
#.......#Y###.......
##......#). .......
.... ^... #......
... ...... ...... ..
......#...... .
.......# .......#


You could see an ice beast.

Vanquished Creatures
  A hound (D:4)
  A bombardier beetle (D:3)
  3 dart slugs
  2 ribbon worms
  An orc (D:3)
  5 endoplasms
  3 giant cockroaches
  8 goblins
  5 hobgoblins
  3 jackals (D:1)
  4 quokkas
  5 ball pythons
  5 bats
  5 frilled lizards
  7 kobolds
  4 rats
62 creatures vanquished.

Notes
Turn   | Place    | Note
-------+----------+-------------------------------------------
     0 | D:1      | qw the Deep Elf Hunter began the quest for the Orb.
     0 | D:1      | Reached XP level 1. HP: 12/12 MP: 3/3
     0 | D:1      | 0 ||| qw: Version: 0.3-a-155-g5e7d8dd
     0 | D:1      | 0 ||| qw: Game counter: 2035
     0 | D:1      | 0 ||| qw: Melee chars always use a shield: true
     0 | D:1      | 0 ||| qw: God list: Okawaru
     0 | D:1      | 0 ||| qw: Allow faded altars: false
     0 | D:1      | 0 ||| qw: Do Orc after clearing Dungeon:15 true
     0 | D:1      | 0 ||| qw: Do second Lair branch before Depths: true
     0 | D:1      | 0 ||| qw: Lair rune preference: random
     0 | D:1      | 0 ||| qw: Goals: Normal
     0 | D:1      | 0 ||| PLANNING D:1-11
    25 | D:1      | HP: 3/12 [rat (1)]
    97 | D:1      | Reached skill level 6 in Ranged Weapons
    97 | D:1      | Reached XP level 2. HP: 16/16 MP: 4/4
   619 | D:1      | Reached XP level 3. HP: 20/20 MP: 5/5
   795 | D:1      | 795 ||| READING 2 scrolls labelled ORHIEMMAWUCS.
   795 | D:1      | 795 ||| IDENTIFYING 3 pink potions
   796 | D:1      | 796 ||| DROPPING scroll of butterflies.
   840 | D:2      | 840 ||| FLEEEEING.
   923 | D:2      | Reached skill level 7 in Ranged Weapons
  1275 | D:2      | 1275 ||| UPGRADING to +0 pair of boots.
  1280 | D:2      | 1280 ||| UPGRADING to +0 ring mail.
  1290 | D:2      | 1290 ||| DROPPING +0 leather armour.
  1291 | D:2      | 1291 ||| READING scroll of identify.
  1291 | D:2      | 1291 ||| IDENTIFYING scroll labelled SEGUOB AWAPT
  1292 | D:2      | 1292 ||| READING scroll labelled ULYT HESILIUCI.
  1293 | D:2      | 1293 ||| READING scroll labelled IFEIMN ZIMISY.
  1293 | D:2      | 1293 ||| BRANDING +0 shortbow.
  1294 | D:2      | 1294 ||| DROPPING scroll of silence.
  1429 | D:3      | Found an ornate altar of the Wu Jian Council.
  1429 | D:3      | Found a broken altar of Ashenzari.
  1430 | D:3      | Found a bloodstained altar of Trog.
  1453 | D:3      | Reached XP level 4. HP: 25/25 MP: 6/6
  1464 | D:3      | Found a burning altar of Makhleb.
  1466 | D:3      | Found a shimmering altar of Xom.
  1542 | D:3      | Reached skill level 8 in Ranged Weapons
  1546 | D:3      | You fall into a shaft and drop 1 floor!
  1547 | D:4      | 1547 ||| PLANNING OSSUARY
  1576 | D:4      | Reached XP level 5. HP: 29/29 MP: 7/7
  1581 | D:4      | Noticed an ice beast
  1592 | D:4      | Slain by an ice beast

Levels and vault maps discovered:
D:1:      spicycebolla_green_bress_n_ham, layout_basic
D:2:      layout_rooms, serial_curves, eino_curves_03, eino_curves_03,
          minmay_tripent
D:3:      layout_basic, nicolae_overflow_hidden_temple, serial_glass,
          glass_columns_a, glass_columns_b
D:4:      layout_basic, minmay_temple_entry_glass, nicolae_ossuary_entry_giza,
          uniq_edmund

Skill      XL: |  1  2  3  4 |
---------------+-------------+-----
Ranged Weapons | 6 7 8 |  8.4
Fighting       | |  1.5
Dodging        | |  2.4
Stealth        | |  1.2

Action                     |  1- 3 |  4- 6 || total
---------------------------+-------+-------++-------
   Fire: Shortbow          |   153 |    37 ||   190
    Use: Scroll            |     4 |       ||     4
 Armour: Leather armour    |    35 |       ||    35
         Ring mail         |     1 |     4 ||     5
  Dodge: Dodged            |    34 |     6 ||    40

Table legend:
 A = Non-vault XP
 B = Vault XP
 C = Vault XP percentage of total XP
 D = Non-vault monster count
 E = Vault monster count
 F = Vault count percentage of total count
                 A         B        C        D         E       F
            +---------+---------+-------+---------+---------+-------
      Total |     193 |       4 |   2.0 |      60 |       2 |   3.2
            +---------+---------+-------+---------+---------+-------
        D:1 |      46 |       0 |   0.0 |      27 |       0 |   0.0
        D:2 |      37 |       4 |   9.8 |      19 |       2 |   9.5
        D:3 |      63 |       0 |   0.0 |      11 |       0 |   0.0
        D:4 |      47 |       0 |   0.0 |       3 |       0 |   0.0
            +---------+---------+-------+---------+---------+-------
